 Dungeon Crawl Stone Soup version 0.24.0-13-gcf9b3192b9 (webtiles) character file.

Game seed: 16557280486879516629, levelgen mode: deterministic

89686 Bram the Spry (level 16, -6/107 HPs)
             Began as a Kobold Ice Elementalist on Nov 8, 2019.
             Was the Champion of Kikubaaqudgha.
             Killed from afar by a frost giant (48 damage)
             ... with a bolt of cold
             ... on level 15 of the Dungeon on Nov 9, 2019.
             The game lasted 02:15:25 (38145 turns).

Bram the Spry (Kobold Ice Elementalist)            Turns: 38145, Time: 02:15:25

Health: -6/107     AC: 13    Str:  8    XL:     16   Next: 44%
Magic:  2/45       EV: 27    Int: 22    God:    Kikubaaqudgha [******]
Gold:   1865       SH:  0    Dex: 20    Spells: 15/35 levels left

rFire    + . .     SeeInvis .   B - staff of power
rCold    . . .     Gourm    .   (shield currently unavailable)
rNeg     . . .     Faith    .   K - +2 leather armour {rF+}
rPois    .         Spirit   .   R - +1 hat {MR+}
rElec    .         Reflect  .   U - +2 cloak of Abstinence {MR+ Str+3}
rCorr    .         Harm     .   v - +1 pair of gloves
MR       ++++.                  u - +1 pair of boots
Stlth    +++.......             f - amulet of magic regeneration
HPRegen  0.27/turn              s - ring of protection from magic
MPRegen  0.54/turn              Z - +3 ring of dexterity

@: no status effects
A: small, carnivore
a: Receive Corpses, Torment, Brand Weapon With Pain, Receive Necronomicon,
Renounce Religion


You were on level 15 of the Dungeon.
You worshipped Kikubaaqudgha.
Kikubaaqudgha was exalted by your worship.
You were very full.

You visited 3 branches of the dungeon, and saw 22 of its levels.
You also visited: Ossuary.

You collected 1865 gold pieces.

Inventory:

Hand Weapons
 p - a +4 short sword
 C - the +10 morningstar "Sefrausch" {drain, +Blink rC+ Int+2 Dex-2}
   (You found it on level 11 of the Dungeon)

   A truly terrible weapon, it drains the life of those it strikes.
   It affects your intelligence (+2).
   It affects your dexterity (-2).
   It protects you from cold.
   It lets you blink.
Missiles
 n - 579 stones (quivered)
 y - 2 throwing nets
 I - 70 sling bullets
Armour
 u - a +1 pair of boots (worn)
 v - a +1 pair of gloves (worn)
 x - a +1 helmet
 K - a +2 leather armour of fire resistance (worn)
 R - a +1 hat of magic resistance (worn)
 U - the +2 cloak of Abstinence (worn) {MR+ Str+3}
   (You found it on level 10 of the Dungeon)

   It affects your strength (+3).
   It affects your resistance to hostile enchantments.
Magical Staves
 A - an uncursed staff of earth
 B - an uncursed staff of power (weapon)
Jewellery
 f - an amulet of magic regeneration (around neck)
 m - an uncursed ring of protection from cold
 s - a ring of protection from magic (left hand)
 w - an uncursed ring of positive energy
 P - an uncursed ring of wizardry
 S - an uncursed ring of fire
 X - the ring "Guucruch" {*Slow MR+++ Int+3 Slay+2 Stlth+}
   (You found it on level 6 of the Lair of Beasts)

   [ring of slaying]

   It affects your intelligence (+3).
   It affects your accuracy and damage with ranged weapons and melee attacks
   (+2).
   It affects your resistance to hostile enchantments.
   It may slow you when you take damage.
   It makes you more stealthy.
 Z - a +3 ring of dexterity (right hand)
Wands
 q - a wand of acid (15)
 F - a wand of iceblast (5)
 L - a wand of scattershot (3)
 V - a wand of paralysis (10)
Scrolls
 b - 4 scrolls of teleportation
 h - 5 scrolls of noise
 i - 3 scrolls of identify
 k - 4 scrolls of immolation
 l - 7 scrolls of fear
 o - a scroll of blinking
 E - 4 scrolls of enchant armour
 J - 4 scrolls of enchant weapon
 M - 6 scrolls of remove curse
 N - 6 scrolls of amnesia
 O - 2 scrolls of magic mapping
Potions
 a - 2 potions of ambrosia
 d - 4 potions of mutation
 e - 6 potions of curing
 g - 3 potions of cancellation
 j - 7 potions of lignification
 r - 6 potions of flight
 t - 4 potions of might
 z - 2 potions of magic
 G - 2 potions of brilliance
 H - 4 potions of agility
 Q - 2 potions of invisibility
 T - 4 potions of berserk rage
 Y - 2 potions of haste
Miscellaneous
 D - a lamp of fire
Comestibles
 c - 64 rations
 W - a chunk of flesh


   Skills:
 + Level 14.7 Fighting
 - Level 15.0 Dodging
 - Level 4.0 Stealth
 - Level 10.0 Spellcasting
 - Level 3.0 Conjurations
 - Level 8.0 Summonings
 + Level 10.5 Necromancy
 - Level 8.2 Ice Magic
 + Level 10.6 Earth Magic


You had 15 spell levels left.
You knew the following spells:

 Your Spells              Type           Power        Failure   Level  Hunger
a - Freeze                Ice            ####         1%          1    None
b - Throw Frost           Conj/Ice       #####.       1%          2    None
c - Summon Ice Beast      Ice/Summ       #####...     3%          4    ##.....
d - Borgnjor's Vile Clut  Necr/Erth      ######....   3%          5    ####...
e - Dispel Undead         Necr           ######..     3%          5    ####...
f - Regeneration          Chrm/Necr      ####......   3%          3    None

Your spell library contained the following spells:

 Spells                   Type           Power        Failure   Level  Hunger
 Animate Skeleton         Necr           N/A          1%          1    None
 Pain                     Necr           ####         1%          1    None
 Summon Small Mammal      Summ           ####         1%          1    None
 Corpse Rot               Necr           N/A          1%          2    None
 Sublimation of Blood     Necr           ######....   1%          2    None
 Vampiric Draining        Necr           ######....   1%          3    None
 Animate Dead             Necr           N/A          1%          4    ##.....
 Agony                    Necr           ######..     3%          5    ####...
 Ozocubu's Armour         Chrm/Ice       ####....     4%          3    None
 Apportation              Tloc           ##....       9%          1    None
 Confusing Touch          Hex            ##....       9%          1    None
 Infusion                 Chrm           ##..         9%          1    None
 Throw Icicle             Conj/Ice       #####...     9%          4    ##.....
 Shroud of Golubria       Chrm/Tloc      ##....       13%         2    None
 Song of Slaying          Chrm           ##......     13%         2    None
 Death Channel            Necr           ######....   19%         6    ######.
 Spectral Weapon          Hex/Chrm       ##......     26%         3    None
 Bolt of Magma            Conj/Fire/Erth ####......   36%         5    ####...
 Iron Shot                Conj/Erth      #####.....   63%         6    ######.
 Iskenderun's Battlesphe  Conj/Chrm      ###.....     78%         5    ####...
 Venom Bolt               Conj/Pois      ###.......   78%         5    ####...
 Orb of Destruction       Conj           ###.......   100%        7    #######
 Spellforged Servitor     Conj/Summ      #####.....   100%        7    #######


Dungeon Overview and Level Annotations

Branches:
Dungeon (15/15)            Temple (1/1) D:4            Lair (6/6) D:9
 Shoals (0/4) Lair:3        Snake (0/4) Lair:2        Slime (0/5) Lair:5
    Orc (0/2) D:11         Vaults (0/5) D:14         Depths (0/5) D:15
Ossuary (visited)

Altars:
Ashenzari
Cheibriados
Dithmenos
Elyvilon
Fedhas
Gozag
Hepliaklqana
Kikubaaqudgha
Makhleb
Nemelex Xobeh
Okawaru
Qazlal
Ru
Sif Muna
Trog
Uskayaw
Vehumet
Wu Jian
Xom
Yredelemnul
Zin
The Shining One
Jiyva

Shops:
D:4 (*(}   D:6 ?

Annotations:
D:3 1 runed translucent door, AlterAsc's ghost, weakling OpTm
D:4 2 transporters, 1 runed translucent door, DroneFragger's ghost, amateur FoFi


Innate Abilities, Weirdness & Mutations

You are small and have problems with some larger weapons.
You are carnivorous and can eat meat at any time.


Message History

Aim: a frost giant, wielding a +2 battleaxe of freezing (heavily wounded) Decaying hands burst forth from the earth!
Zombie hands grab the frost giant.
Your ice beast is unaffected.
You hear a shout!
The zombie hands constrict the frost giant.
Your ice beast hits the frost giant.
Your ice beast freezes the frost giant.
The frost giant resists.
The frost giant hits your ice beast with a +2 battleaxe of freezing!!
Your ice beast dies!
The frost giant shouts!
Casting: Borgnjor's Vile Clutch (safe; 3% risk of failure)
Confirm with . or Enter, or press ? or * to list all spells.
A chill wind blows around you.
The zombie hands constrict the frost giant.
The zombie hands constrict the frost giant!
The frost giant points at you and mumbles some strange words.
The bolt of cold hits you!!!
You die...
Kikubaaqudgha rasps: "You have failed me!
Welcome... death!"

.,,* #....##.#(#####.# #.#.
#*** #....##.........# #.## #
#....######'##### ###.## #
####.# #≈≈...≈≈# #....#
#########**#.# #≈..#..≈# #....#
.........,,#.# #(#.#.#.# #....#
...........#.#
#.≈.≈.≈.#######'##
...........#.#
#.≈...≈.#.......#
...........#.#
#@Y...≈.#÷#####.#
...........#.#
#(#####.#.########
...........#.#
#.#...#)#.........
...........#.#
#(#.>.#.##########
...........#.###(C.c.'.#
...............################
..#######....#.# #.......(###
#.############.# #........(((
#.#............# ############


You could see a frost giant and a friendly ice beast.

Vanquished Creatures
  A fire dragon (Lair:6)
  2 vault guards (D:14)
  A centaur warrior (D:15)
  4 hydras
  4 two-headed ogres
  12 death yaks
  A tengu warrior (D:15)
  A fire crab (Lair:6)
  An unseen horror (D:14)
  A wizard (D:15)
  2 lindwurms
  3 necromancers (D:14)
  Pikel (D:4)
  A manticore (Lair:6)
  3 cyclopes
  6 ugly things
  13 elephants
  2 centaur zombies
  5 black mambas
  4 torpor snails (Lair:6)
  A gargoyle (D:12)
  4 spiny frogs
  8 komodo dragons
  A rime drake (Lair:6)
  A yaktaur (D:15)
  A freezing wraith (D:15)
  11 polar bears
  A tengu conjurer (D:15)
  3 trolls
  2 meliai (Lair:4)
  4 tyrant leeches (Lair:6)
  A queen bee (Lair:4)
  7 hornets
  24 blink frogs
  3 dream sheep
  2 raiju (Lair:6)
  7 hippogriffs
  8 wyverns
  Sigmund (D:4)
  A wraith (D:15)
  41 yaks
  A vampire (D:15)
  16 humans (D:14)
  A basilisk (Lair:4)
  A soldier ant (D:11)
  4 wargs (Lair:6)
  11 porcupines
  13 water moccasins
  11 hell hounds (Lair:6)
  3 sky beasts
  5 orc warriors
  13 black bears
  An eye of draining (D:11)
  3 phantoms
  6 ogres
  28 centaurs
  23 wolves
  17 crocodiles
  4 big kobolds
  Blork the orc (D:5)
  17 bullfrogs
  5 scorpions
  A water moccasin skeleton (D:7)
  25 killer bees
  8 wights
  4 howler monkeys
  5 crimson imps
  4 hounds
  A quasit (D:12)
  12 orc priests
  4 jellies
  4 centaur skeletons
  Jessica (D:3)
  2 bullfrog skeletons (D:8)
  2 iguanas
  Natasha (thrice) (D:2)
  5 orc wizards
  9 worker ants
  A killer bee zombie (D:5)
  5 big kobold zombies (Ossuary)
  2 hound skeletons
  3 gnolls (D:9)
  13 adders
  2 shadow imps
  11 white imps (D:15)
  An adder zombie (D:5)
  An adder skeleton (D:4)
  4 worms
  4 leopard geckos
  37 orcs
  4 ball pythons
  5 giant cockroaches
  4 gnoll zombies (Ossuary)
  9 goblins
  6 hobgoblins
  13 jackals
  A quokka (D:4)
  15 bats
  4 frilled lizards
  2 goblin zombies (Ossuary)
  5 hobgoblin zombies (Ossuary)
  12 kobolds
  5 kobold zombies (Ossuary)
  2 orc zombies (Ossuary)
  A quokka skeleton (D:2)
  6 rats
  A spectral goblin (Ossuary)
  A spectral kobold (Ossuary)
  4 fungi
  19 plants
677 creatures vanquished.

Vanquished Creatures (collateral kills)
  Gastronok (D:8)
  A hydra (D:13)
  2 oklob plants
  6 elephants
  2 torpor snails (Lair:6)
  3 black mambas
  3 spiny frogs
  2 komodo dragons
  A yaktaur (D:14)
  A rime drake (Lair:1)
  2 kobold demonologists (D:10)
  3 tengu conjurers
  3 trolls
  A meliai (Lair:4)
  Grinder (D:5)
  4 blink frogs
  A raiju (Lair:6)
  14 slime creatures
  A hippogriff (D:7)
  A shadow (D:15)
  A wyvern (Lair:1)
  21 yaks
  2 wraiths
  2 basilisks
  3 humans (D:14)
  Eustachio (D:6)
  2 hungry ghosts
  3 hell hounds (Lair:6)
  6 water moccasins
  2 porcupines
  An ice beast (D:13)
  2 orc warriors
  3 phantoms
  4 centaurs
  2 ogres
  2 crocodiles
  3 wolves
  4 bullfrogs
  12 killer bees
  3 wights
  A jelly (D:7)
  4 centaur zombies
  2 orc priests (D:9)
  A gnoll shaman (D:9)
  A hound (D:8)
  2 orc wizards
  A worker ant (D:10)
  A killer bee zombie (D:10)
  2 big kobold zombies (Ossuary)
  A mummy (Ossuary)
  A worker ant zombie (D:10)
  An adder (D:12)
  2 gnolls (D:9)
  A shadow imp (D:13)
  A white imp (D:15)
  A leopard gecko (D:9)
  2 orcs
  4 spectral bats (Ossuary)
  A gnoll zombie (Ossuary)
  A quokka (D:6)
  3 bat simulacra (Ossuary)
  5 goblin simulacra (Ossuary)
  2 goblin zombies (Ossuary)
  A hobgoblin zombie (Ossuary)
  3 kobolds (D:10)
  3 kobold simulacra (Ossuary)
  A kobold zombie (Ossuary)
  2 rat simulacra (Ossuary)
  A spectral goblin (Ossuary)
  4 spectral kobolds (Ossuary)
  7 spectral rats (Ossuary)
  A fungus (Lair:3)
  2 plants
198 creatures vanquished.

Vanquished Creatures (others)
  37 fungi
  74 plants
111 creatures vanquished.

Grand Total: 986 creatures vanquished

Notes
Turn   | Place    | Note
-------+----------+-------------------------------------------
     0 | D:1      | Bram the Kobold Ice Elementalist began the quest for the
                  | Orb.
     0 | D:1      | Reached XP level 1. HP: 10/10 MP: 3/3
   364 | D:1      | Reached XP level 2. HP: 15/15 MP: 1/5
   404 | D:1      | Learned a level 2 spell: Throw Frost
   900 | D:1      | Reached XP level 3. HP: 20/20 MP: 2/6
  1467 | D:2      | Reached skill level 1 in Fighting
  1631 | D:2      | Found a snail-covered altar of Cheibriados.
  1648 | D:2      | Noticed Natasha
  1655 | D:2      | HP: 1/20 [Natasha/magic dart (5)]
  1968 | D:2      | Killed Natasha
  1968 | D:2      | Reached XP level 4. HP: 12/25 MP: 3/7
  1974 | D:2      | Noticed Natasha
  2136 | D:2      | Killed Natasha
  2154 | D:2      | Noticed Natasha
  2236 | D:2      | Killed Natasha
  2236 | D:2      | Reached XP level 5. HP: 13/30 MP: 3/8
  2670 | D:2      | Learned a level 4 spell: Summon Ice Beast
  3297 | D:2      | Found a blossoming altar of Fedhas.
  3424 | D:3      | Noticed Jessica
  3473 | D:3      | Killed Jessica
  3473 | D:3      | Reached XP level 6. HP: 26/37 MP: 7/9
  3967 | D:3      | Found a runed translucent door.
  3968 | D:3      | Noticed AlterAsc's ghost (weakling OpTm)
  4145 | D:3      | Reached skill level 1 in Summonings
  4940 | D:4      | Noticed an ogre
  4982 | D:4      | Found Ihunt's Gadget Shop.
  4982 | D:4      | Noticed Sigmund
  4982 | D:4      | Noticed Pikel
  4982 | D:4      | Noticed a slave
  4982 | D:4      | Noticed a slave
  4983 | D:4      | Noticed a slave
  4983 | D:4      | Noticed a slave
  5030 | D:4      | Found Qodwur's Antique Weapon Emporium.
  5031 | D:4      | Noticed a phantom
  5430 | D:2      | Killed a phantom
  5430 | D:2      | Reached XP level 7. HP: 44/44 MP: 10/10
  5895 | D:4      | Reached skill level 5 in Fighting
  6661 | D:4      | Killed Pikel
  6661 | D:4      | Reached skill level 5 in Summonings
  6661 | D:4      | Reached XP level 8. HP: 52/52 MP: 11/11
  6668 | D:4      | Killed Sigmund
  6865 | D:4      | Found a staircase to the Ecumenical Temple.
  6877 | Temple   | Entered the Ecumenical Temple
  7238 | Temple   | Became a worshipper of Kikubaaqudgha
  7282 | D:4      | Found a shimmering blue altar of Sif Muna.
  7314 | D:4      | Found a transporter.
  7389 | D:4      | Found a transporter.
  7404 | D:4      | Found an ornate altar of the Wu Jian Council.
  7459 | D:4      | Found Fararudo's General Store.
  7459 | D:4      | Found Xifew's Weapon Emporium.
  7461 | D:4      | Found a runed translucent door.
  7513 | D:4      | Noticed DroneFragger's ghost (amateur FoFi)
  7586 | D:5      | Entered Level 5 of the Dungeon
  7634 | D:5      | Found a bloodstained altar of Trog.
  7830 | D:5      | Noticed Blork the orc
  7839 | D:5      | Killed Blork the orc
  8007 | D:5      | Found a sand-covered staircase.
  8016 | Ossuary  | Entered an ossuary
  8271 | Ossuary  | Reached * piety under Kikubaaqudgha
  8271 | Ossuary  | Identified Kikubaaqudgha's Papyrus of Evil Rites
                  | (Kikubaaqudgha gifted it to you in an ossuary)
  8271 | Ossuary  | Received a gift from Kikubaaqudgha
  8280 | Ossuary  | Reached XP level 9. HP: 57/57 MP: 8/12
  8753 | Ossuary  | Reached ** piety under Kikubaaqudgha
  9103 | D:5      | Noticed Grinder
  9142 | D:5      | Killed Grinder
  9273 | D:5      | Found an iron altar of Okawaru.
  9282 | D:5      | Reached skill level 5 in Ice Magic
  9676 | D:6      | Found an opulent altar of Gozag.
 10172 | D:6      | Noticed Eustachio
 10239 | D:6      | Killed Eustachio
 10360 | D:6      | Found Weagimel's Magic Scroll Emporium.
 11004 | D:7      | Reached *** piety under Kikubaaqudgha
 11004 | D:7      | Identified Kikubaaqudgha's Reference Book on Black Rites
                  | (Kikubaaqudgha gifted it to you on level 7 of the Dungeon)
 11004 | D:7      | Received a gift from Kikubaaqudgha
 11167 | D:7      | Noticed a hippogriff
 11176 | D:7      | Killed a hippogriff
 11176 | D:7      | Reached XP level 10. HP: 62/65 MP: 7/13
 11730 | D:7      | Found a white marble altar of Elyvilon.
 12510 | D:8      | Found a shattered altar of Ashenzari.
 12892 | D:8      | Noticed Gastronok
 12957 | D:8      | Killed Gastronok
 12957 | D:8      | Reached skill level 10 in Fighting
 12997 | D:8      | Learned a level 5 spell: Borgnjor's Vile Clutch
 13519 | D:9      | Reached skill level 1 in Necromancy
 13519 | D:9      | Reached skill level 1 in Earth Magic
 13598 | D:9      | Found a glowing silver altar of Zin.
 13665 | D:9      | Reached **** piety under Kikubaaqudgha
 13826 | D:9      | Reached XP level 11. HP: 51/73 MP: 7/15
 15175 | D:9      | Found a staircase to the Lair.
 15414 | D:10     | Entered Level 10 of the Dungeon
 16022 | D:10     | Reached skill level 5 in Spellcasting
 16031 | D:10     | Got a distressingly furry cloak
 16038 | D:10     | Identified the +2 cloak of Abstinence {MR+ Str+3} (You
                  | found it on level 10 of the Dungeon)
 16128 | D:10     | Noticed a two-headed ogre
 16508 | D:10     | Killed a two-headed ogre
 16852 | Lair:1   | Entered Level 1 of the Lair of Beasts
 17010 | Lair:1   | Identified the +8 war axe "Weniytuec" {chop, rC+ Dex-4
                  | Stlth+} (You found it on level 1 of the Lair of Beasts)
 17028 | Lair:1   | Reached skill level 5 in Necromancy
 17028 | Lair:1   | Reached skill level 5 in Earth Magic
 18053 | Lair:2   | Reached XP level 12. HP: 78/78 MP: 21/21
 18224 | Lair:2   | Reached ***** piety under Kikubaaqudgha
 19226 | Lair:2   | Found a staircase to the Snake Pit.
 19478 | Lair:2   | Identified the cursed +0 cloak of Dishonour {rC- MR+ Str+4}
                  | (You found it on level 2 of the Lair of Beasts)
 20213 | Lair:2   | Found a staircase to the Snake Pit.
 20905 | Lair:3   | Found a staircase to the Shoals.
 22583 | Lair:3   | Noticed a six-headed hydra
 22589 | Lair:3   | Reached XP level 13. HP: 67/83 MP: 18/25
 22881 | Lair:3   | Killed a six-headed hydra
 24784 | Lair:4   | Learned a level 5 spell: Dispel Undead
 25457 | Lair:5   | Reached ****** piety under Kikubaaqudgha
 25789 | Lair:5   | Reached skill level 10 in Spellcasting
 25966 | Lair:5   | Reached skill level 10 in Necromancy
 25989 | Lair:5   | Reached skill level 3 in Dodging
 25989 | Lair:5   | Reached skill level 10 in Earth Magic
 26036 | Lair:4   | Reached skill level 4 in Dodging
 26131 | Lair:4   | Reached skill level 5 in Dodging
 26369 | Lair:5   | Reached XP level 14. HP: 88/88 MP: 28/28
 26425 | Lair:5   | Reached skill level 6 in Dodging
 26560 | Lair:5   | Found a sacrificial altar of Ru.
 26709 | Lair:5   | Reached skill level 7 in Dodging
 26712 | Lair:5   | Reached skill level 8 in Dodging
 27035 | Lair:5   | Reached skill level 9 in Dodging
 27305 | Lair:5   | Found a staircase to the Slime Pits.
 27305 | Lair:5   | Found a viscous altar of Jiyva.
 27479 | Lair:5   | Identified the cursed +0 hand axe of Tenacity {chop, rC+
                  | Int+4 Dex-2 Stlth+} (You found it on level 5 of the Lair of
                  | Beasts)
 27645 | Lair:6   | Entered Level 6 of the Lair of Beasts
 27648 | Lair:6   | Reached skill level 10 in Dodging
 27894 | Lair:6   | Reached skill level 11 in Dodging
 28388 | Lair:6   | Identified a scroll of acquirement
 29007 | Lair:6   | Reached skill level 12 in Dodging
 29363 | Lair:6   | Reached XP level 15. HP: 95/95 MP: 10/29
 30213 | Lair:6   | Reached skill level 13 in Dodging
 30724 | Lair:6   | Learned a level 3 spell: Regeneration
 30894 | Lair:6   | Found a runed translucent door.
 31125 | Lair:6   | Identified the ring "Guucruch" {*Slow MR+++ Int+3 Slay+2
                  | Stlth+} (You found it on level 6 of the Lair of Beasts)
 31936 | D:11     | Identified the +10 morningstar "Sefrausch" {drain, +Blink
                  | rC+ Int+2 Dex-2} (You found it on level 11 of the Dungeon)
 32134 | D:11     | Found a staircase to the Orcish Mines.
 32960 | D:12     | Identified the cursed +0 scale mail of the Cicada {+Blink
                  | Str+4 Int-3 Dex+4} (You found it on level 12 of the
                  | Dungeon)
 33306 | D:12     | Reached skill level 14 in Dodging
 35854 | D:14     | Reached XP level 16. HP: 105/105 MP: 30/30
 35916 | D:14     | Reached skill level 15 in Dodging
 35956 | D:14     | Found a gate to the Vaults.
 36182 | D:15     | Entered Level 15 of the Dungeon
 38126 | D:15     | Found a staircase to the Depths.
 38126 | D:15     | Noticed a frost giant
 38145 | D:15     | Killed from afar by a frost giant

Levels and vault maps discovered:
D:1:      lightli_arrival_maybe_door_vault, layout_loops_ring
D:2:      layout_rooms, marbit_many_paths, cheibriados_altar_1,
          grunt_ministairs_6, minmay_misc_feat_chi, uniq_natasha
D:3:      layout_basic, ebering_ghost_inner_flame, uniq_jessica
D:4:      layout_rooms, led_sif_pool, gammafunk_temple_overflow_arena,
          minmay_temple_entry_sparse_star, serial_shops, shop, shop, shop_coins,
          nicolae_shop_overgrown_old_shop, ebering_ghost_sewer_d, uniq_sigmund,
          uniq_pikel
D:5:      layout_loops_ring, overflow_temple_1_default, okawaru_gym_becter,
          first_ration, enter_ossuary_1, uniq_grinder, uniq_blork_the_orc
D:6:      layout_gridville, grunt_gozag_breadcrumbs, serial_shops,
          kennysheep_mini, uniq_eustachio
D:7:      layout_basic, kennysheep_little_box, hex_intersection
D:8:      layout_basic, evilmike_ruin_ashenzari, uniq_gastronok
D:9:      layout_basic, overflow_temple_1_default, david_lair_shrubbed
D:10:     layout_cross
D:11:     layout_basic, orc_0_dummy
D:12:     layout_basic
D:13:     cheibrodos_quadrivalence, layout_rooms, hangedman_ranch
          [blue_anna_fruit_fields], minivault_5
D:14:     layout_long_grid, grunt_vaults_entry_tiered,
          chequers_serial_rivers_micro_d
D:15:     grunt_enter_depths_snipers, layout_basic, serial_curves,
          eino_curves_03, eino_curves_04, portal_ice_cave_entry_imps,
          interstate_on_off
Temple:   minmay_temple_forest_path
Lair:1:   layout_chaotic_city
Lair:2:   layout_chaotic_city, minmay_snake_entry_six_corridors,
          chequers_serial_rivers_small_a, minivault_24,
          minmay_lair_oklob_chamber, grunt_megastairs_4
Lair:3:   layout_loops_ring, shoals_dummy_entry,
          nicolae_volcano_entry_vermiform, hangedman_lair_generics_rect
Lair:4:   layout_roguey [special_room_bee], grunt_megastairs_5
Lair:5:   layout_layer_cave, slime_altar_1, st_stairs_8, minivault_25,
          lemuel_oklob_altar
Lair:6:   wormcave, layout_small_grid, hangedman_lair_caniforms_friends

Skill      XL: |  1  2  3  4  5  6  7  8  9 10 11 12 13 14 15 16 |
---------------+-------------------------------------------------+-----
Stealth        | 3 4 |  4.0
Fighting       | 1 2 3 4 6 7 8 10 11 13 14 | 14.7
Conjurations   | 2 3 |  3.0
Ice Magic      | 4 6 8 |  8.2
Summonings     | 2 5 7 8 |  8.0
Necromancy     | 1 5 8 10 | 10.5
Earth Magic    | 1 5 8 10 | 10.6
Spellcasting   | 3 6 8 10 | 10.0
Dodging        | 5 12 14 15 | 15.0

Action                   |  1- 3 |  4- 6 |  7- 9 | 10-12 | 13-15 | 16-18 || total
-------------------------+-------+-------+-------+-------+-------+-------++-------
Melee: Unarmed           |    42 |       |       |       |       |       ||    42
       Short sword       |    35 |    48 |   199 |    82 |       |       ||   364
       Staff             |       |       |       |    17 |    62 |    58 ||   137
Throw: Dart              |       |       |    10 |       |       |       ||    10
 Cast: Freeze            |    48 |   100 |   113 |   345 |   236 |    27 ||   869
       Throw Frost       |       |       |    27 |    25 |    81 |     5 ||   138
       Summon Ice Beast  |       |       |    30 |   136 |    81 |    39 ||   286
       Borgnjor's Vile C |       |       |       |    23 |   388 |    50 ||   461
       Dispel Undead     |       |       |       |       |     1 |     3 ||     4
       Regeneration      |       |       |       |       |     1 |       ||     1
Evoke: Wand              |       |     2 |     8 |       |     3 |       ||    13
  Use: Scroll            |       |     4 |    11 |    11 |    12 |     1 ||    39
       Potion            |       |     1 |       |     2 |     1 |     1 ||     5
 Stab: Sleeping          |     1 |     6 |     7 |     1 |       |       ||    15
       Distracted        |       |       |     1 |     1 |       |     2 ||     4
  Eat: Chunk             |     4 |    20 |    24 |    58 |   125 |    19 ||   250
       Ration            |       |       |     2 |       |     1 |       ||     3
Armor: Robe              |    30 |    16 |    49 |       |       |       ||    95
       Leather armour    |       |       |    20 |   146 |    92 |    25 ||   283
Dodge: Dodged            |   126 |    99 |   213 |   320 |   474 |   169 ||  1401
